 Dungeon Crawl Stone Soup version 0.28-a0-1429-gf3d713df7a (webtiles) character file.

Game seed: 1216243099566637772

41 skittles the Skirmisher (level 3, -6/34 HPs)
             Began as a Minotaur Fighter on Jan 9, 2022.
             Mangled by an ogre (18 damage)
             ... on level 4 of the Dungeon.
             The game lasted 00:02:46 (1058 turns).

skittles the Skirmisher (Minotaur Fighter)          Turns: 1058, Time: 00:02:47

Health: -6/34      AC:  7    Str: 22    XL:     3   Next: 32%
Magic:  2/2        EV:  9    Int:  5    God:
Gold:   34         SH:  4    Dex:  9    Spells: 2/2 levels left

rFire   . . .      SeeInvis .   a - +0 flail
rCold   . . .      Faith    .   c - +0 buckler
rNeg    . . .      Spirit   .   b - +1 scale mail
rPois   .          Reflect  .   (helmet restricted)
rElec   .          Harm     .   (no cloak)
rCorr   .          Rampage  .   (no gloves)
Will    .....                   (no boots)
Stlth   ..........              (no amulet)
HPRegen 0.11/turn               (no ring)
MPRegen 0.08/turn               (no ring)

@: mighty
A: horns 2, retaliatory headbutt
a: no special abilities


You were on level 4 of the Dungeon.
You visited 1 branch of the dungeon, and saw 3 of its levels.

You collected 34 gold pieces.

Inventory:

Hand Weapons
 a - a +0 flail (weapon)
Armour
 b - a +1 scale mail (worn)
 c - a +0 buckler (worn)
Jewellery
 j - a +6 ring of intelligence
Scrolls
 e - a scroll of blinking {unknown}
 h - a scroll of identify {unknown}
Potions
 f - a potion of lignification {unknown}
 g - a potion of heal wounds {unknown}
 i - a potion of degeneration {unknown}


   Skills:
 + Level 4.5 Fighting
 * Level 3.2 Maces & Flails
 - Level 3.6 Armour
 * Level 1.3 Dodging
 - Level 3.6 Shields


You had 2 spell levels left.
You didn't know any spells.
Your spell library was empty.

Dungeon Overview and Level Annotations

Branches:
Dungeon (2/15)

Altars:


Innate Abilities, Weirdness & Mutations

You have a pair of horns on your head.
You reflexively headbutt those who attack you in melee.


Message History

The goblin hits you but does no damage.
You closely miss the goblin.
The goblin is severely wounded.
The goblin misses you. You furiously retaliate!
You headbutt the goblin.
You kill the goblin!
No target in view!
No target in view!
No target in view!
No target in view!
No target in view!
Things that are here:
a +0 club; a goblin corpse
Found a stone staircase leading down.
h - a scroll labelled LOSIHIK POIHOY An ogre comes into view.
It is wielding a +0 giant club.
You feel very mighty all of a sudden.
The ogre shouts!
Found 11 gold pieces.
The ogre hits you with a +0 giant club!!
Ouch! That really hurt!
There is a stone staircase leading down, spattered with blood here.
You are too injured to fight recklessly!
You are too injured to fight recklessly!
You are too injured to fight recklessly!
You are too injured to fight recklessly!
You are too injured to fight recklessly!
You are too injured to fight recklessly!
You are too injured to fight recklessly!
You are too injured to fight recklessly!
You are too injured to fight recklessly!
You are too injured to fight recklessly!
You are too injured to fight recklessly!
You are too injured to fight recklessly!
You are too injured to fight recklessly!
The ogre hits you but does no damage.
You sock the ogre!
The ogre is moderately wounded.
The ogre hits you with a +0 giant club!!
Ouch! That really hurt!
You die...

###.# ###..#
########....#
##..........##
#............##
...........)...#
......##...###..#
####..
##...####.# #.
#..>@# .# #.
####O# .. # ##.#
.. #?# . ..# .$.
.... ...


You could see an ogre.

Vanquished Creatures
  An adder skeleton (D:2)
  A ball python (D:1)
  5 bats
  7 endoplasms
  3 giant cockroaches (D:1)
  2 goblins
  3 hobgoblins
  3 kobolds (D:1)
  A quokka (D:2)
  4 frilled lizards
  2 rats
32 creatures vanquished.

Notes
Turn   | Place    | Note
-------+----------+-------------------------------------------
     0 | D:1      | skittles the Minotaur Fighter began the quest for the Orb.
     0 | D:1      | Reached XP level 1. HP: 19/19 MP: 0/0
    90 | D:1      | Reached skill level 4 in Fighting
   203 | D:1      | Reached XP level 2. HP: 27/27 MP: 1/1
   442 | D:1      | Reached skill level 1 in Dodging
   686 | D:2      | Reached XP level 3. HP: 30/34 MP: 2/2
  1042 | D:2      | You fall into a shaft and drop 2 floors!
  1052 | D:4      | Noticed an ogre
  1058 | D:4      | Mangled by an ogre

Illustrated notes

Levels and vault maps discovered:
D:1:      psy_arrival_terrarium, layout_basic, grunt_decor_cap,
          minmay_misc_feat_plants
D:2:      layout_basic, basic_altar, shapermc_ecumenical_altar_mp_ritualfount
D:4:      layout_layer_cave, minmay_temple_entry_gardened_gates, uniq_grinder

Skill      XL: |  1  2 |
---------------+-------+-----
Fighting       | 4 |  4.5
Dodging        | 1 |  1.3
Maces & Flails | 3 |  3.2
Armour         | |  3.6
Shields        | |  3.6

Action                   || total
-------------------------++-------
Melee: Flail             ||    89
       Headbutt          ||    12
  Use: Scroll            ||     3
       Potion            ||     1
Armor: Scale mail        ||    44
Dodge: Dodged            ||    37
Block: Buckler           ||    17

Table legend: (Time is in decaauts)
 A = Elapsed time spent in this place.
 B = Non-inter-level travel time spent in this place.
 C = Inter-level travel time spent in this place.
 D = Time resting spent in this place.
 E = Time spent auto-exploring this place.
 F = Levels seen in this place.
 G = Mean time per level.
                   A        B        C        D        E       F      G
               +--------+--------+--------+--------+--------+-----+--------+
         Total |   1083 |   1083 |      0 |      0 |    830 |   3 |  361.0 |
       Dungeon |   1083 |   1083 |      0 |      0 |    830 |   3 |  361.0 |
               +--------+--------+--------+--------+--------+-----+--------+

Top non-repeatable levels by time:
     D:1: 694 daAuts
     D:2: 373 daAuts
     D:4: 16 daAuts
